 Dungeon Crawl Stone Soup version 0.30-a0-51-g784eafce7f (webtiles) character file.

Game seed: 9129577910726707696

322 porpoise the Poker (level 6, -1/48 (50) HPs)
             Began as a Demonspawn Gladiator on Sept 6, 2022.
             Was an Initiate of Yredelemnul.
             Slain by Crazy Yiuf
             ... wielding a +3 quarterstaff of chaos
              (15 damage)
             ... on level 4 of the Dungeon.
             The game lasted 00:13:26 (4442 turns).

porpoise the Poker (Demonspawn Gladiator)           Turns: 4442, Time: 00:13:27

HP:   -1/48 (50)    AC:  4    Str: 16    XL:     6   Next: 22%
MP:   6/6           EV: 11    Int: 16    God:    Yredelemnul [......]
Gold: 1400          SH:  7    Dex: 14    Spells: 5/5 levels left

rFire   . . .      SeeInvis .    a - +0 trident
rCold   . . .      Faith    .    o - +0 buckler
rNeg    . . .      Spirit   .    j - +0 leather armour
rPois   +          Reflect  .    (helmet restricted)
rElec   .          Harm     .    v - +0 cloak
rCorr   .          Rampage  .    (no gloves)
Will    .....                    (no boots)
Stlth   +.........               (no amulet)
HPRegen 0.16/turn                c - ring of poison resistance
MPRegen 0.10/turn                q - +6 ring of intelligence

@: lethally poisoned (-1 -> -10), studying Throwing, lightly drained
A: antennae 1, large bone plates 1, demonic magic 1
a: Renounce Religion, Recall Undead Harvest


You were on level 4 of the Dungeon.
You worshipped Yredelemnul.
Yredelemnul was noncommittal.
You visited 1 branch of the dungeon, and saw 4 of its levels.

You collected 1400 gold pieces.

Inventory:

Hand Weapons
 a - a +0 trident (weapon)
 b - a +0 sling
Missiles
 d - 2 throwing nets (quivered)
 e - 3 javelins
Armour
 j - a +0 leather armour (worn)
 o - a +0 buckler (worn)
 v - a +0 cloak (worn)
Jewellery
 c - a ring of poison resistance (left hand)
 q - a +6 ring of intelligence (right hand)
 s - an amulet of magic regeneration
Wands
 g - a wand of paralysis (10)
Scrolls
 h - a scroll of immolation
 k - a scroll of enchant armour {unknown}
 l - a scroll of vulnerability {unknown}
 m - a scroll of teleportation
 n - a scroll of butterflies {unknown}
 u - a scroll of amnesia {unknown}
Potions
 f - a potion of ambrosia
 i - a potion of lignification
 p - 2 potions of attraction
 r - a potion of mutation
 t - a potion of brilliance {unknown}


   Skills:
 + Level 4.9 Fighting
 + Level 4.9 Polearms
 - Level 1.7 Throwing
 - Level 2.6 Dodging


You had 5 spell levels left.
You didn't know any spells.
Your spell library contained the following spells:

 Spells                   Type           Power      Damage    Failure   Level
 Gell's Gravitas          Tloc           0%         N/A       77%         3
 Inner Flame              Hex/Fire       0%         N/A       77%         3
 Teleport Other           Tloc           0%         N/A       77%         3
 Cause Fear               Hex            0%         N/A       99%         4
 Dispersal                Tloc           0%         N/A       100%        6
 Discord                  Hex            0%         N/A       100%        8


Dungeon Overview and Level Annotations

Branches:
Dungeon (4/15)
 Temple: D:4-7

Altars:
Dithmenos
Yredelemnul

Annotations:
D:4 Crazy Yiuf


Innate Abilities, Weirdness & Mutations

You have a pair of small antennae on your head.
You are partially covered in large bone plates. (SH +4)
Spells you cast may paralyse adjacent enemies.


Message History

You swap places.
You swap places.
Found 2 stones.
You pace your travel speed to your slowest ally.
Found a runed translucent door.
Crazy Yiuf shouts!
Crazy Yiuf cries, "Line foot rumpyflump!"
Crazy Yiuf grits, "Aardvark high chair!"
You open the door.
Throw: 3 throwing nets
Press: ? - help, Q - select action, (/) - cycle Shift-Dir - straight line, f - Crazy Yiuf
Aim: Crazy Yiuf, wielding a +3 quarterstaff of chaos and wearing a +0 cloak (64% to hit)
You throw a throwing net.
The throwing net closely misses Crazy Yiuf.
You block Crazy Yiuf's attack.
You completely miss Crazy Yiuf.
Crazy Yiuf cries, "Lay Xom aubergine!"
Crazy Yiuf hits you with a +3 quarterstaff of chaos!
You feel drained.
You hit Crazy Yiuf.
Crazy Yiuf is lightly wounded.
Crazy Yiuf hits you with a +3 quarterstaff of chaos!
You are poisoned.
You hit Crazy Yiuf.
Crazy Yiuf is moderately wounded.
You feel very sick. You block Crazy Yiuf's attack.
You puncture Crazy Yiuf!
Crazy Yiuf is severely wounded.
You feel very sick. Crazy Yiuf closely misses you.
You hit Crazy Yiuf.
Crazy Yiuf is almost dead.
You feel very sick. You block Crazy Yiuf's attack.
Crazy Yiuf hits you with a +3 quarterstaff of chaos.
* * * LOW HITPOINT WARNING * * *
You are electrocuted!
You die...
Your body rises from the dead as a mindless zombie.

##♣♣♣♣♣ ♣♣♣ ###...♣Z♣♣♣ ###
♣♣♣♣P♣♣ ##...PP.♣ZZ♣#...#
♣PP...♣ #....PP♣♣♣♣@g..(#
#♣♣♣.... #(Z#.P♣♣ ♣♣#..)#
#.♣♣P.P. #.###♣♣ ###
#.♣♣♣♣.P #..# #...♣♣♣P ##.#
#....♣♣♣ #.#
###############....>#
#Z####..)..#.......^.....#
#.....Z....#...#######...#
#######....#...#.....#...##


You could see Crazy Yiuf (ally target), 2 friendly endoplasm zombies and a
friendly hobgoblin zombie.

Vanquished Creatures
  An ogre (D:4)
  2 hounds (D:4)
  An iguana (D:4)
  Robin (D:2)
  6 adders
  3 worms
  A dart slug (D:3)
  An orc (D:3)
  5 endoplasms
  3 giant cockroaches
  11 goblins
  7 hobgoblins
  4 jackals (D:2)
  3 quokkas
  10 ball pythons
  4 bats
  4 frilled lizards
  7 kobolds
  7 rats
81 creatures vanquished.

Vanquished Creatures (others)
  A goblin (D:1)
  2 plants (D:4)
3 creatures vanquished.

Grand Total: 84 creatures vanquished

Notes
Turn   | Place    | Note
-------+----------+-------------------------------------------
     0 | D:1      | porpoise the Demonspawn Gladiator began the quest for the
                  | Orb.
     0 | D:1      | Reached XP level 1. HP: 16/16 MP: 1/1
   121 | D:1      | Gained mutation: You have a pair of small antennae on your
                  | head. [demonic ancestry]
   121 | D:1      | Reached XP level 2. HP: 20/23 MP: 2/2
   165 | D:1      | Found a faded altar of an unknown god.
  1138 | D:2      | Gained mutation: You are partially covered in large bone
                  | plates. (SH +4) [demonic ancestry]
  1138 | D:2      | Reached XP level 3. HP: 28/28 MP: 3/3
  1696 | D:2      | Reached XP level 4. HP: 13/35 MP: 4/4
  1918 | D:2      | Noticed Robin
  1940 | D:2      | Killed Robin
  3194 | D:4      | Identified 2 scrolls of acquirement
  3194 | D:4      | Acquired 1212 gold pieces
  3196 | D:4      | Acquired a manual of Throwing
  3240 | D:4      | Reached XP level 5. HP: 27/42 MP: 5/5
  3879 | D:4      | Noticed an ogre
  3892 | D:4      | Killed an ogre
  3893 | D:4      | Gained mutation: Spells you cast may paralyse adjacent
                  | enemies. [demonic ancestry]
  3893 | D:4      | Reached XP level 6. HP: 38/50 MP: 6/6
  4097 | D:4      | Found a basalt altar of Yredelemnul.
  4102 | D:4      | Became a worshipper of Yredelemnul the Dark
  4246 | D:4      | Found a shadowy altar of Dithmenos.
  4432 | D:4      | Found a runed translucent door.
  4433 | D:4      | Noticed Crazy Yiuf
  4442 | D:4      | Slain by Crazy Yiuf

Illustrated notes

Levels and vault maps discovered:
D:1:      lightli_arrival_chessboard, layout_loops_cross,
          hellmonk_ecumenical_altar_lost_god
D:2:      layout_basic, uniq_robin
D:3:      layout_basic, minivault_11
D:4:      layout_gridville, mainiacjoe_overflow_alcove_2, lemuel_doored_altar,
          serial_forest, infiniplex_forest_end_2, infiniplex_forest_lined_3,
          infiniplex_forest_3_way, infiniplex_forest_end_3,
          infiniplex_forest_lined_2, uniq_crazy_yiuf_cottage

Skill      XL: |  1  2  3  4 |
---------------+-------------+-----
Polearms       | 3 4 |  4.9
Fighting       | 3 4 |  4.9
Throwing       | |  1.7
Dodging        | |  2.6

Action                   |  1- 3 |  4- 6 || total
-------------------------+-------+-------++-------
Melee: Trident           |   120 |   196 ||   316
       Punch             |     3 |       ||     3
 Fire: Sling             |       |     2 ||     2
Throw: Throwing net      |       |     2 ||     2
  Use: Scroll            |       |     8 ||     8
 Stab: Sleeping          |     1 |     1 ||     2
Armor: Leather armour    |    24 |    21 ||    45
Dodge: Dodged            |    56 |    65 ||   121
Block: Other             |     7 |       ||     7
       Buckler           |       |    49 ||    49

Table legend: (Time is in decaauts)
 A = Elapsed time spent in this place.
 B = Non-inter-level travel time spent in this place.
 C = Inter-level travel time spent in this place.
 D = Time resting spent in this place.
 E = Time spent auto-exploring this place.
 F = Levels seen in this place.
 G = Mean time per level.
                   A        B        C        D        E       F      G
               +--------+--------+--------+--------+--------+-----+--------+
         Total |   4489 |   4404 |     85 |   1434 |   2188 |   4 | 1122.2 |
       Dungeon |   4489 |   4404 |     85 |   1434 |   2188 |   4 | 1122.2 |
               +--------+--------+--------+--------+--------+-----+--------+

Top non-repeatable levels by time:
     D:2: 1605 daAuts
     D:4: 1244 daAuts
     D:1: 964 daAuts
     D:3: 674 daAuts
